 Dungeon Crawl Stone Soup version 0.29.0-11-gd7f09526c8 (webtiles) character file.

Game seed: 6340110774273004933

1138 Zeldest the Grappler (level 8, -6/80 HPs)
             Began as a Troll Fighter on Sept 4, 2022.
             Was an Initiate of Wu Jian.
             Mangled by a troll (13 damage)
             ... on level 5 of the Dungeon.
             The game lasted 00:06:54 (1503 turns).

Zeldest the Grappler (Troll Fighter)                Turns: 1503, Time: 00:06:55

Health: -6/80      AC:  4    Str: 27    XL:     8   Next: 14%
Magic:  7/7        EV:  8    Int:  4    God:    Wu Jian [......]
Gold:   182        SH:  7    Dex:  9    Spells: 7/7 levels left

rFire   . . .      SeeInvis .     - Unarmed
rCold   . . .      Faith    .   b - +0 kite shield
rNeg    . . .      Spirit   .   a - +0 robe
rPois   .          Reflect  .   (helmet restricted)
rElec   .          Harm     .   (no cloak)
rCorr   .          Rampage  .   (gloves unavailable)
Will    +....                   (boots unavailable)
Stlth   +.........              (no amulet)
HPRegen 1.03/turn               d - ring of willpower
MPRegen 0.10/turn               (no ring)

@: no status effects
A: large, unfitting armour, claws 3, regeneration 1, shaggy fur 1, tough skin 1
a: Renounce Religion


You were on level 5 of the Dungeon.
You worshipped Wu Jian.
Wu Jian was noncommittal.
You visited 2 branches of the dungeon, and saw 6 of its levels.

You collected 182 gold pieces.

Inventory:

Hand Weapons
 e - a +0 hand axe of flaming
Missiles
 i - 2 throwing nets (quivered)
Armour
 a - a +0 robe (worn)
 b - a +0 kite shield (worn)
Jewellery
 d - a ring of willpower (left claw)
 r - a ring of ice
Wands
 p - a wand of paralysis (8)
 s - a wand of roots (2)
Scrolls
 h - a scroll of immolation
 k - a scroll of enchant armour
 l - a scroll of teleportation {unknown}
 m - a scroll of amnesia {unknown}
 o - a scroll of blinking {unknown}
 q - a scroll of enchant weapon {unknown}
Potions
 c - a potion of might
 j - a potion of mutation
 n - a potion of brilliance
 t - a potion of ambrosia


   Skills:
 + Level 5.2 Fighting
 - Level 2.4 Dodging
 - Level 2.6 Shields
 * Level 8.1 Unarmed Combat


You had 7 spell levels left.
You didn't know any spells.
Your spell library contained the following spells:

 Spells                   Type           Power      Damage    Failure   Level
 Poisonous Vapours        Pois/Air       0%         N/A       91%         2
 Gell's Gravitas          Tloc           0%         N/A       99%         3
 Lesser Beckoning         Tloc           0%         N/A       99%         3
 Teleport Other           Tloc           0%         N/A       99%         3
 Olgreb's Toxic Radiance  Pois           0%         N/A       100%        4
 Monstrous Menagerie      Summ           0%         N/A       100%        7
 Summon Hydra             Summ           0%         N/A       100%        7


Dungeon Overview and Level Annotations

Branches:
Dungeon (5/15)             Temple (1/1) D:5

Altars:
Ashenzari
Dithmenos
Elyvilon
Fedhas
Gozag
Hepliaklqana
Kikubaaqudgha
Nemelex Xobeh
Okawaru
Qazlal
Ru
Sif Muna
Trog
Uskayaw
Vehumet
Wu Jian
Xom
Yredelemnul
Zin
The Shining One

Shops:
D:3 :   D:4 (


Innate Abilities, Weirdness & Mutations

You are too large for most types of armour.
You have claws for hands.
Your natural rate of healing is unusually fast.
You are covered in fur. (AC +1)
You have tough skin. (AC +1)


Message History

The Council accepts your kill.
You feel sick.
No target in view!
You feel sick.
You are no longer poisoned.
Things that are here:
a +0 hand axe of flaming; a +0 ring mail; an orc corpse
e - a +0 hand axe of flaming A troll comes into view.
The troll shouts!
You claw the troll!
The troll is heavily wounded.
The troll bites you! The troll claws you! x2
You barely miss the troll.
The troll is moderately wounded.
The troll bites you!
* * * LOW HITPOINT WARNING * * *
The troll claws you.
* * * LOW HITPOINT WARNING * * *
The troll claws you!
* * * LOW HITPOINT WARNING * * *
You claw the troll!
The troll is severely wounded.
The troll barely misses you. x2; The troll claws you.
* * * LOW HITPOINT WARNING * * *
Okay, then.
You feel much better.
You block the troll's attack. x2; The troll claws you!
* * * LOW HITPOINT WARNING * * *
You feel much better. The troll bites you! You block the troll's attack.
The troll claws you.
You scratch the troll.
The troll is severely wounded.
The troll bites you!
* * * LOW HITPOINT WARNING * * *
You block the troll's attack. The troll claws you!
* * * LOW HITPOINT WARNING * * *
You barely miss the troll.
The troll is severely wounded.
You block the troll's attack. The troll claws you!
You die...

#.. #....####...
###...##....## ###.
##.#._........## ##
#..#...##......## #
.####..#.. #.......##
.......######........#
#...........)......#
#.......).).......##
#...T@...[........# ##
.............).....## #.
.###...............####.
##...............[...
#..............8####
#.#............'....
#.##########...8#..# #.
#.####''# #.#⌠.#..#


You could see a troll.

Vanquished Creatures
  Sigmund (D:2)
  Eustachio (D:4)
  Menkaure (D:4)
  Edmund (D:4)
  2 ice beasts
  A phantom (D:3)
  2 scorpions
  Terence (D:2)
  Natasha (D:2)
  2 orc wizards (D:5)
  4 adders
  A gnoll (D:1)
  A white imp (D:5)
  A worm (D:2)
  A dart slug (D:2)
  7 orcs (D:5)
  6 endoplasms
  4 giant cockroaches
  5 goblins
  5 hobgoblins (D:1)
  6 quokkas
  7 ball pythons
  5 bats
  3 frilled lizards
  9 kobolds
  7 rats
85 creatures vanquished.

Notes
Turn   | Place    | Note
-------+----------+-------------------------------------------
     0 | D:1      | Zeldest the Troll Fighter began the quest for the Orb.
     0 | D:1      | Reached XP level 1. HP: 22/22 MP: 0/0
   104 | D:1      | Reached XP level 2. HP: 18/29 MP: 1/1
   137 | D:1      | Reached skill level 3 in Unarmed Combat
   185 | D:1      | Reached XP level 3. HP: 29/36 MP: 2/2
   375 | D:2      | Noticed Sigmund
   384 | D:2      | Killed Sigmund
   385 | D:2      | Reached skill level 5 in Unarmed Combat
   385 | D:2      | Reached XP level 4. HP: 33/46 MP: 3/3
   385 | D:2      | Reached XP level 5. HP: 38/53 MP: 4/4
   550 | D:2      | Noticed Terence
   559 | D:2      | Killed Terence
   577 | D:2      | Noticed Natasha
   628 | D:2      | Killed Natasha
   629 | D:2      | Reached XP level 6. HP: 55/62 MP: 5/5
   732 | D:3      | Noticed an ice beast
   753 | D:3      | Killed an ice beast
   836 | D:3      | Reached skill level 6 in Unarmed Combat
   887 | D:3      | Found Ymede's Vocational Training.
   952 | D:4      | Noticed Edmund
   958 | D:4      | Noticed Eustachio
   968 | D:4      | Killed Edmund
   969 | D:4      | Reached XP level 7. HP: 18/71 MP: 6/6
   989 | D:4      | Killed Eustachio
   990 | D:4      | Reached skill level 7 in Unarmed Combat
  1110 | D:4      | Noticed Menkaure
  1117 | D:4      | Killed Menkaure
  1119 | D:4      | Found Epymecueph's Antique Weapon Boutique.
  1237 | D:5      | Entered Level 5 of the Dungeon
  1257 | D:5      | Found a large runed translucent door.
  1258 | D:5      | Found a large runed translucent door.
  1266 | D:5      | Found a sparkling altar of Nemelex Xobeh.
  1271 | D:5      | Reached skill level 5 in Fighting
  1280 | D:5      | Found a sacrificial altar of Ru.
  1310 | D:5      | Reached XP level 8. HP: 74/80 MP: 7/7
  1327 | D:5      | Found a basalt altar of Yredelemnul.
  1347 | D:5      | Found a staircase to the Ecumenical Temple.
  1354 | D:5      | Reached skill level 8 in Unarmed Combat
  1371 | Temple   | Entered the Ecumenical Temple
  1417 | Temple   | Became a worshipper of the Wu Jian Council
  1455 | D:5      | Got the Precepts of Formation and Poison
  1493 | D:5      | Noticed a troll
  1498 | D:5      | HP: 4/80 [troll (11)]
  1503 | D:5      | Mangled by a troll

Illustrated notes

Levels and vault maps discovered:
D:1:      grunt_arrival_crossed_arrows, layout_rooms, nicolae_grassy_gnolls
D:2:      layout_loops_ring, uniq_natasha, uniq_sigmund, uniq_terence
D:3:      layout_basic, nicolae_shop_vocational
D:4:      cheibrodos_greedy_goblins, layout_basic, serial_shops,
          nicolae_diamond_shop, serial_rivers, chequers_serial_rivers_room_a,
          chequers_serial_rivers_small_3, chequers_serial_rivers_micro_c,
          chequers_serial_rivers_micro_b, chequers_serial_rivers_small_3,
          st_stairs_13, uniq_edmund, uniq_eustachio, uniq_menkaure
D:5:      layout_cave_pods, jmf_multi_god_temple2, mainiacjoe_overflow_alcove_2,
          minmay_temple_entry_statues_pillars, hangedman_feature_mirror
Temple:   nicolae_temple_bog_church

Skill      XL: |  1  2  3  4  5  6  7  8 |
---------------+-------------------------+-----
Unarmed Combat | 3 5 6 7 8 |  8.1
Fighting       | 3 4 5 |  5.2
Dodging        | |  2.4
Shields        | |  2.6

Action                   |  1- 3 |  4- 6 |  7- 9 || total
-------------------------+-------+-------+-------++-------
Melee: Unarmed           |   101 |    71 |    77 ||   249
Invok: Lunge             |       |       |     1 ||     1
  Use: Potion            |       |       |     3 ||     3
       Scroll            |       |       |     5 ||     5
Armor: Robe              |    44 |    39 |    16 ||    99
Dodge: Dodged            |    43 |    32 |    13 ||    88
Block: Kite shield       |    52 |    32 |    27 ||   111
